 Dungeon Crawl Stone Soup version 0.23.2-33-g5129a83184 (webtiles) character file.

Game seed: 2770156607253593840

25872 Folque the Cleaver (level 12, -1/97 HPs)
             Began as a Centaur Skald on July 9, 2019.
             Was a High Priest of Wu Jian.
             Slain by a cyclops (25 damage)
             ... on level 13 of the Dungeon.
             The game lasted 01:10:39 (16802 turns).

Folque the Cleaver (Centaur Skald)                 Turns: 16802, Time: 01:10:40

Health: -1/97      AC: 20    Str: 16      XL:     12   Next: 93%
Magic:  9/17       EV: 10    Int: 14      God:    Wu Jian [*****.]
Gold:   1025       SH:  5    Dex:  9 (10) Spells: 3/17 levels left

rFire    . . .     SeeInvis .   E - +1 broad axe (elec)
rCold    . . .     Gourm    .   z - +0 buckler
rNeg     . . .     Faith    .   v - +4 ring mail
rPois    +         Spirit   .   o - +0 helmet
rElec    .         Reflect  .   j - +0 cloak
rCorr    .         Harm     .   u - +0 pair of gloves
MR       .....                  g - +1 centaur barding
Stlth    ..........             (no amulet)
HPRegen  1.26/turn              C - ring of poison resistance
MPRegen  0.15/turn              r - +2 ring of evasion

@: lethally poisoned (-1 -> -2), infused, regenerating (expiring), very quick
A: large, hooves 3, deformed body, speed 2, tough skin 3
a: Wall Jump, Serpent's Lash, Heavenly Storm, Renounce Religion


You were on level 13 of the Dungeon.
You worshipped Wu Jian.
Wu Jian was extremely pleased with you.
You were hungry.

You visited 2 branches of the dungeon, and saw 16 of its levels.

You collected 1025 gold pieces.

Inventory:

Hand Weapons
 q - a +2 flail of crushing
 E - a +1 broad axe of electrocution (weapon)
Missiles
 i - 8 poisoned tomahawks (quivered)
 t - 21 tomahawks
Armour
 g - a +1 centaur barding (worn)
 j - a +0 cloak (worn)
 o - a +0 helmet (worn)
 u - a +0 pair of gloves (worn)
 v - a +4 ring mail (worn)
 z - a +0 buckler (worn)
 M - a +1 robe of positive energy
Jewellery
 a - a +2 ring of evasion
 r - a +2 ring of evasion (right hand)
 B - an uncursed ring of poison resistance
 C - a ring of poison resistance (left hand)
 H - a +4 ring of evasion
 S - an uncursed ring of resist corrosion
 T - an uncursed ring of see invisible {unknown}
 V - an uncursed ring of see invisible {unknown}
Wands
 G - a wand of acid (2)
 L - a wand of paralysis (8)
 N - a wand of polymorph (11)
 Q - a wand of random effects (19)
 R - a wand of disintegration (16)
Scrolls
 c - 9 scrolls of teleportation
 f - 7 scrolls of remove curse {unknown}
 n - 7 scrolls of identify
 s - 3 scrolls of immolation {unknown}
 y - a scroll of fog {unknown}
 D - 3 scrolls of amnesia {unknown}
 F - a scroll of blinking {unknown}
 J - 2 scrolls of enchant armour {unknown}
 K - a scroll of acquirement {unknown}
 P - a scroll of magic mapping
 W - a scroll of random uselessness {unknown}
 Z - a scroll of brand weapon {unknown}
Potions
 e - 4 potions of brilliance {unknown}
 h - 3 potions of invisibility {unknown}
 k - 2 potions of magic {unknown}
 l - 3 potions of haste
 m - a potion of ambrosia {unknown}
 p - 2 potions of lignification {unknown}
 w - a potion of flight {unknown}
 x - 3 potions of agility {unknown}
 A - 3 potions of heal wounds {unknown}
 I - a potion of mutation {unknown}
 O - 2 potions of might {unknown}
 U - a potion of curing
 X - a potion of degeneration {unknown}
 Y - a potion of cancellation {unknown}
Comestibles
 b - 12 chunks of flesh
 d - 36 rations


   Skills:
 + Level 6.5 Fighting
 * Level 10.5 Axes
 - Level 5.0 Throwing
 - Level 5.2 Armour
 * Level 4.2 Dodging
 - Level 6.3 Shields
 - Level 3.4 Spellcasting
 - Level 4.0 Hexes
 - Level 9.2 Charms
 - Level 3.0 Necromancy
 + Level 3.4 Translocations


You had 3 spell levels left.
You knew the following spells:

 Your Spells              Type           Power        Failure   Level  Hunger
a - Infusion              Chrm           ####         1%          1    #......
b - Shroud of Golubria    Chrm/Tloc      ###.......   4%          2    ##.....
c - Spectral Weapon       Hex/Chrm       ###.....     7%          3    ###....
d - Song of Slaying       Chrm           ####....     1%          2    ##.....
e - Regeneration          Chrm/Necr      ###.......   9%          3    ###....
f - Tukima's Dance        Hex            ##......     22%         3    ###....

Your spell library contained the following spells:

 Spells                   Type           Power        Failure   Level  Hunger
 Corona                   Hex            ##.....      7%          1    #......
 Confuse                  Hex            ##......     22%         3    ###....
 Ensorcelled Hibernation  Hex/Ice        #.....       24%         2    ##.....
 Magic Dart               Conj           #...         36%         1    #......
 Sandblast                Erth           #.....       36%         1    #......
 Dazzling Spray           Conj/Hex       #.....       43%         3    ###....
 Recall                   Summ/Tloc      N/A          47%         3    ###....
 Passwall                 Tmut/Erth      #.......     50%         2    ##.....
 Searing Ray              Conj           #.....       50%         2    ##.....
 Stone Arrow              Conj/Erth      #.....       73%         3    ###....
 Excruciating Wounds      Chrm/Necr      ###.......   63%         5    ######.
 Fulminant Prism          Conj/Hex       #.........   85%         4    #####..
 Leda's Liquefaction      Hex/Erth       #.........   85%         4    #####..
 Force Lance              Conj/Tloc      #.......     87%         4    #####..
 Iskenderun's Mystic Bla  Conj           #.......     98%         4    #####..
 Petrify                  Tmut/Erth      #.......     98%         4    #####..
 Summon Forest            Summ/Tloc      #.........   99%         5    ######.
 Summon Mana Viper        Hex/Summ       #.......     99%         5    ######.
 Aura of Abjuration       Summ           #.........   100%        5    ######.
 Lee's Rapid Deconstruct  Erth           #.........   100%        5    ######.
 Summon Demon             Summ           #.........   100%        5    ######.
 Deflect Missiles         Chrm/Air       ###.......   100%        6    #######
 Shadow Creatures         Summ           N/A          100%        6    #######


Dungeon Overview and Level Annotations

Branches:
Dungeon (13/15)            Temple (0/1) D:7            Lair (3/6) D:11
 Spider (0/4) Lair:2          Orc (0/2) D:9
  Swamp: Lair:2-4    Shoals: Lair:2-4    Vaults: D:13-14

Altars:
Cheibriados
Dithmenos
Gozag
Kikubaaqudgha
Qazlal
Trog
Wu Jian

Shops:
D:5 =   D:8 [


Innate Abilities, Weirdness & Mutations

You have hooves in place of feet.
Armour fits poorly on your strangely shaped body.
You cover ground very quickly.
You have extremely tough skin. (AC +3)


Message History

You feel sick.
The water moccasin bites you but does no damage.
The water moccasin closely misses you. The cyclops barely misses you.
Casting: Regeneration (safe; 9% risk of failure)
Confirm with . or Enter, or press ? or * to list all spells.
You begin infusing your attacks with magical energy.
The water moccasin bites you but does no damage.
You slash the cyclops!
The cyclops is heavily wounded.
You hit the water moccasin.
You feel sick.
The water moccasin bites you but does no damage.
The cyclops hits you!
* * * LOW HITPOINT WARNING * * *
The water moccasin bites you but does no damage.
You hit the cyclops. You kick the cyclops!
The cyclops is almost dead.
You closely miss the water moccasin.
Your skin is crawling a little less now.
You block the water moccasin's attack. The cyclops hits you!!
You die...

##### #....# .
#....# .. #....#
... #....# ....
#....# .....
#....#######$.....
#........(S)......
#........@).......
#....#....C.......
#....#............
#....#######......
#.(........#......
#..........#......
#....#.....#.....#
#....#.....# ...
#....#.....#


You could see a cyclops and a water moccasin.

Vanquished Creatures
  Kirke (D:12)
  A hydra (shapeshifter) (D:13)
  A hydra (D:12)
  3 two-headed ogres
  Sonja (D:12)
  A deep elf mage (D:12)
  A cyclops (D:13)
  Joseph (Lair:1)
  A black mamba (Lair:2)
  6 spiny frogs
  A centaur skeleton (D:13)
  3 rime drakes
  A polar bear (Lair:3)
  A hornet (D:6)
  Grinder (D:3)
  3 hippogriffs
  4 blink frogs (Lair:1)
  A spriggan (D:7)
  34 yaks
  4 hogs (D:12)
  A wyvern (D:10)
  A soldier ant (D:13)
  4 water moccasins
  3 black bears
  4 porcupines
  8 orc warriors
  3 phantoms
  4 ice beasts
  12 centaurs
  4 ogres
  A wolf (Lair:2)
  10 crocodiles
  A big kobold (D:13)
  9 bullfrogs
  A gnoll sergeant (D:6)
  3 scorpions
  10 killer bees
  3 wights (D:9)
  7 howler monkeys
  6 crimson imps
  6 hounds
  2 centaur zombies
  A bullfrog zombie (D:7)
  2 jellies
  10 orc priests
  2 bullfrog skeletons
  A quasit (D:13)
  A gnoll shaman (D:8)
  2 iguanas
  Jessica (D:3)
  14 orc wizards
  9 worker ants
  A killer bee zombie (D:7)
  A hound zombie (D:5)
  A hound skeleton (D:4)
  2 worker ant zombies
  Robin (D:3)
  13 gnolls
  10 adders
  4 shadow imps
  2 adder zombies (D:5)
  4 worms
  2 dart slugs
  4 leopard geckos
  68 orcs
  8 bats
  6 giant cockroaches
  16 goblins
  7 hobgoblins
  8 jackals
  2 quokkas
  3 ball pythons
  4 frilled lizards
  12 kobolds
  A leopard gecko skeleton (D:5)
  12 rats
  7 fungi
415 creatures vanquished.

Vanquished Creatures (others)
  A human (D:12)
  13 fungi
  19 spectral weapons
33 creatures vanquished.

Grand Total: 448 creatures vanquished

Notes
Turn   | Place    | Note
-------+----------+-------------------------------------------
     0 | D:1      | Folque the Centaur Skald began the quest for the Orb.
     0 | D:1      | Reached XP level 1. HP: 17/17 MP: 3/3
   135 | D:1      | Reached skill level 2 in Axes
   162 | D:1      | Reached XP level 2. HP: 7/24 MP: 4/4
   610 | D:1      | HP: 1/24 [leopard gecko (1)]
   753 | D:1      | Reached XP level 3. HP: 10/29 MP: 4/6
   762 | D:1      | Learned a level 2 spell: Shroud of Golubria
   766 | D:1      | Learned a level 3 spell: Spectral Weapon
  1812 | D:2      | Noticed a centaur
  1817 | D:2      | Reached XP level 4. HP: 36/36 MP: 0/7
  1822 | D:2      | Killed a centaur
  1822 | D:2      | Reached skill level 3 in Axes
  1822 | D:2      | Reached XP level 5. HP: 14/41 MP: 1/9
  2303 | D:3      | Found a stormy altar of Qazlal.
  2373 | D:3      | Noticed Robin
  2391 | D:3      | Killed Robin
  2667 | D:3      | Noticed Grinder
  2920 | D:3      | Noticed Jessica
  2933 | D:3      | Killed Jessica
  3013 | D:3      | Found a snail-covered altar of Cheibriados.
  3024 | D:3      | Paralysed by Grinder for 5 turns
  3372 | D:3      | Learned a level 2 spell: Song of Slaying
  3425 | D:3      | Killed Grinder
  3425 | D:3      | Reached XP level 6. HP: 48/48 MP: 6/11
  3512 | D:4      | Reached XP level 7. HP: 55/55 MP: 7/12
  3842 | D:4      | Found an ancient bone altar of Kikubaaqudgha.
  3883 | D:4      | Reached skill level 5 in Charms
  4254 | D:4      | Learned a level 3 spell: Regeneration
  4277 | D:4      | Reached skill level 1 in Translocations
  4626 | D:4      | Reached skill level 1 in Necromancy
  4664 | D:4      | Found a bloodstained altar of Trog.
  4704 | D:5      | Entered Level 5 of the Dungeon
  4760 | D:5      | Reached skill level 4 in Axes
  4774 | D:5      | Reached skill level 1 in Armour
  4781 | D:5      | Found Iddeinad's Jewellery Boutique.
  4884 | D:5      | Reached XP level 8. HP: 61/61 MP: 7/13
  5245 | D:5      | Found an ornate altar of the Wu Jian Council.
  5248 | D:5      | Became a worshipper of the Wu Jian Council
  6005 | D:6      | Reached skill level 5 in Axes
  6283 | D:6      | Reached XP level 9. HP: 27/68 MP: 11/14
  6735 | D:6      | Paralysed by a hornet for 1 turns
  6737 | D:6      | Reached skill level 1 in Throwing
  6749 | D:7      | Reached * piety under Wu Jian
  7480 | D:7      | Found an opulent altar of Gozag.
  7609 | D:7      | Found a shadowy altar of Dithmenos.
  7800 | D:7      | Found a staircase to the Ecumenical Temple.
  7979 | D:7      | Reached skill level 6 in Axes
  8026 | D:8      | Reached skill level 5 in Throwing
  8217 | D:8      | Reached ** piety under Wu Jian
  8486 | D:8      | Found Niuvvuta's Antique Armour Emporium.
  8553 | D:8      | Reached XP level 10. HP: 58/80 MP: 11/15
  8912 | D:9      | Reached skill level 5 in Armour
  9059 | D:9      | Reached skill level 5 in Fighting
  9596 | D:9      | Reached *** piety under Wu Jian
  9630 | D:9      | Found a staircase to the Orcish Mines.
  9763 | D:9      | Reached skill level 1 in Shields
 10138 | D:9      | Noticed a two-headed ogre
 10160 | D:9      | Killed a two-headed ogre
 10353 | D:9      | Reached skill level 7 in Axes
 10466 | D:10     | Entered Level 10 of the Dungeon
 10745 | D:9      | Reached XP level 11. HP: 64/86 MP: 11/16
 11020 | D:10     | Identified the Disquisition on Earth and Talismans
 11256 | D:10     | Found a shadowy altar of Dithmenos.
 11368 | D:11     | Reached **** piety under Wu Jian
 11757 | D:11     | Found a staircase to the Lair.
 12239 | D:11     | Noticed a two-headed ogre
 12246 | D:11     | Killed a two-headed ogre
 12546 | Lair:1   | Entered Level 1 of the Lair of Beasts
 12578 | Lair:1   | Reached skill level 5 in Shields
 12625 | Lair:1   | Reached skill level 8 in Axes
 12766 | Lair:1   | Noticed Joseph
 12840 | Lair:1   | Killed Joseph
 13644 | Lair:2   | Reached XP level 12. HP: 74/94 MP: 6/17
 13690 | Lair:2   | Reached skill level 9 in Axes
 14206 | Lair:2   | Found a hole to the Spider Nest.
 14679 | Lair:3   | Learned a level 3 spell: Tukima's Dance
 15051 | Lair:3   | Noticed an eight-headed hydra
 15343 | D:12     | Noticed Sonja
 15343 | D:12     | Noticed a seven-headed hydra
 15392 | D:12     | Killed a seven-headed hydra
 15397 | D:12     | Noticed Kirke
 15971 | D:12     | Killed Kirke
 15971 | D:12     | Reached skill level 10 in Axes
 16162 | D:12     | Killed Sonja
 16555 | D:13     | Noticed a two-headed ogre
 16564 | D:13     | Killed a two-headed ogre
 16629 | D:13     | Reached ***** piety under Wu Jian
 16781 | D:13     | Noticed a five-headed hydra
 16790 | D:13     | Killed a five-headed hydra
 16802 | D:13     | Slain by a cyclops

Skill      XL: |  1  2  3  4  5  6  7  8  9 10 11 12 |
---------------+-------------------------------------+-----
Axes           | 2 3 4 5 6 7 8 10 | 10.5
Charms         | 3 4 5 7 9 |  9.2
Spellcasting   | 2 3 |  3.4
Hexes          | 2 3 4 |  4.0
Translocations | 2 3 |  3.4
Necromancy     | 1 3 |  3.0
Armour         | 1 3 4 5 |  5.2
Fighting       | 4 5 6 |  6.5
Throwing       | 5 |  5.0
Shields        | 3 6 |  6.3
Dodging        | 4 |  4.2

Action                   |  1- 3 |  4- 6 |  7- 9 | 10-12 || total
-------------------------+-------+-------+-------+-------++-------
Melee: Hand axe          |   128 |    86 |    65 |       ||   279
       Kick              |    15 |    19 |    73 |   119 ||   226
       War axe           |       |       |   248 |       ||   248
       Broad axe         |       |       |    87 |   569 ||   656
       Flail             |       |       |       |    23 ||    23
       Unarmed           |       |       |       |     6 ||     6
Throw: Tomahawk          |       |       |     4 |     7 ||    11
 Cast: Infusion          |     3 |     5 |    17 |    19 ||    44
       Spectral Weapon   |       |     4 |    24 |    36 ||    64
       Shroud of Golubri |       |     2 |    11 |    11 ||    24
       Song of Slaying   |       |       |    11 |    30 ||    41
       Regeneration      |       |       |     3 |    14 ||    17
       Tukima's Dance    |       |       |       |     1 ||     1
Invok: Lunge             |       |       |    30 |    34 ||    64
       Whirlwind         |       |       |    14 |    36 ||    50
       Serpent's Lash    |       |       |       |     1 ||     1
Evoke: Wand              |       |       |       |     3 ||     3
  Use: Scroll            |     2 |       |       |     3 ||     5
       Potion            |       |     1 |       |     2 ||     3
 Stab: Distracted        |       |       |     1 |     2 ||     3
       Paralysed         |       |       |       |     3 ||     3
  Eat: Chunk             |     2 |     5 |    16 |    31 ||    54
       Ration            |       |       |     1 |       ||     1
Armor: Leather armour    |    63 |    50 |    71 |       ||   184
       Ring mail         |       |       |   253 |   393 ||   646
Dodge: Dodged            |    66 |    45 |   175 |   274 ||   560
Block: Buckler           |       |       |       |   104 ||   104
